Map: [ESL] Oceanborn

Players

Harstem

  • Race: Protoss Protoss
  • League: Grandmaster
  • Spawn Location: 5:00

Kelazhur - Winner!

  • Race: Terran Terran
  • Spawn Location: 11:00

Event: IEM Katowice 2024

VOD

Have the link to the VOD?

Description

Time

  • Played on: Dec. 7, 2023, 2:59 p.m.
  • Length: 24:27

All games in this series

Show
View Real Time Build Order
Export as new Build Order

Harstem Protoss 

Build Orders: 1 Gate Expand, Oracle Opening, Phoenix Opening 

Get SALT Encoding   

  12  0:00  Probe  
  13  0:12  Probe  
  14  0:16  Pylon  
  14  0:24  Probe (Chrono Boost)  
  15  0:36  Gateway, Probe (Chrono Boost)  
  16  0:45  Assimilator, Probe (Chrono Boost)  
  17  0:51  Probe  
  18  1:03  Probe  
  19  1:18  Nexus  
  19  1:27  Cybernetics Core  
  19  1:31  Probe  
  20  1:36  Assimilator  
  20  1:43  Probe  
  20  1:46  Pylon  
  21  1:55  Probe  
  22  2:01  Adept (Chrono Boost)  
  22  2:07  Probe  
  25  2:18  Stargate  
  25  2:19  Probe  
  26  2:24  Adept  
  27  2:31  Warp Gate, Probe (Chrono Boost)  
  27  2:35  Probe (Chrono Boost)  
  29  2:43  Probe (Chrono Boost)  
  31  2:46  Probe (Chrono Boost)  
  31  2:48  Probe (Chrono Boost)  
  32  2:55  Probe  
  32  2:57  Probe  
  34  2:58  Oracle (Chrono Boost)  
  37  3:07  Probe  
  37  3:10  Pylon, Probe  
  39  3:19  Probe  
  40  3:22  Probe  
  40  3:26  Nexus  
  41  3:32  Probe  
  42  3:34  Phoenix  
  42  3:40  Stalker  
  46  3:42  Probe  
  46  3:45  Probe  
  46  3:47  Pylon  
  48  3:54  Probe  
  49  3:57  Probe  
  49  4:00  Gateway  
  50  4:07  Probe  
  50  4:09  Probe  
  54  4:11  Twilight Council  
  54  4:12  Forge  
  52  4:21  Assimilator  
  52  4:22  Sentry  
  52  4:23  Probe  
  56  4:25  Gateway  
  56  4:27  Gateway  
  56  4:28  Probe  
  56  4:36  Phoenix, Probe  
  59  4:40  Probe  
  59  4:41  Protoss Ground Armor Level 1 (Chrono Boost), Probe  
  61  4:45  Pylon  
  61  4:47  Charge  
  61  4:49  Probe (Chrono Boost)  
  61  4:52  Probe (Chrono Boost)  
  63  4:53  Probe (Chrono Boost)  
  64  5:01  Probe (Chrono Boost)  
  64  5:03  Pylon  
  64  5:04  Probe (Chrono Boost)  
  64  5:05  Probe (Chrono Boost)  
  67  5:08  Probe (Chrono Boost)  
  67  5:09  Probe (Chrono Boost)  
  67  5:10  Probe (Chrono Boost)  
  67  5:11  Phoenix  
  72  5:17  Probe  
  72  5:18  Gateway  
  72  5:19  Gateway, Probe  
  72  5:20  Probe  
  75  5:27  Gateway x2  
  75  5:29  Probe  
  75  5:32  Probe  
  75  5:33  Assimilator  
  75  5:34  Probe  
  78  5:41  Robotics Facility  
  78  5:42  Phoenix  
  78  5:45  Pylon  
  78  5:46  Zealot  
  78  5:49  Probe  
  83  5:51  Pylon  
  83  5:54  Zealot x2  
  87  5:59  Probe  
  87  6:00  Probe  
  87  6:03  Zealot  
  91  6:04  Pylon  
  91  6:08  Zealot  
  93  6:13  Nexus  
  93  6:14  Zealot  
  93  6:16  Zealot  
  93  6:17  Zealot  
  99  6:20  Probe  
  99  6:25  Zealot x3  
  104  6:28  Phoenix  
  104  6:29  Protoss Ground Weapons Level 1 (Chrono Boost)  
  104  6:31  Zealot  
  110  6:40  Robotics Bay, Probe  
  110  6:41  Probe  
  110  6:42  Probe  
  110  6:43  Pylon  
  113  6:50  Zealot x2  
  113  6:52  Pylon  
  117  6:55  Shield Battery  
  117  6:56  Pylon  
  117  6:58  Warp Prism (Chrono Boost)  
  117  7:01  Probe  
  117  7:04  Probe  
  121  7:09  Probe  
  121  7:12  Photon Cannon  
  121  7:13  Probe  
  121  7:14  Pylon  
  123  7:16  Zealot x3, Probe  
  123  7:21  Probe  
  131  7:24  Zealot x3  
  131  7:25  Probe  
  131  7:27  Zealot x2  
  143  7:35  Probe  
  141  7:38  Pylon, Colossus (Chrono Boost)  
  141  7:40  Photon Cannon  
  145  7:46  Sentry, Zealot  
  145  7:47  Zealot  
  151  7:55  Stalker x3  
  151  7:58  Pylon  
  155  7:59  Extended Thermal Lance (Chrono Boost)  
  155  8:02  Pylon x2  
  155  8:08  Robotics Facility, Forge  
  153  8:17  Colossus (Chrono Boost)  
  149  8:22  Probe  
  149  8:24  Probe  
  157  8:31  Stalker x7  
  167  8:44  Zealot  
  154  8:53  Shield Battery  
  147  8:58  Zealot x7  
  147  9:01  Colossus (Chrono Boost)  
  112  9:17  Zealot  
  112  9:21  Zealot x7  
  112  9:23  Colossus (Chrono Boost)  
  112  9:27  Protoss Ground Armor Level 2 (Chrono Boost)  
  112  9:29  Protoss Ground Weapons Level 2 (Chrono Boost)  
  118  9:33  Probe x2  
  118  9:36  Photon Cannon  
  118  9:37  Shield Battery  
  120  9:39  Assimilator  
  120  9:42  Sentry, Zealot x6  
  134  9:51  Stalker  
  117  10:03  Blink  
  117  10:04  Zealot, Stalker x5  
  121  10:10  Warp Prism (Chrono Boost)  
  121  10:12  Probe  
  121  10:13  Probe  
  125  10:16  Photon Cannon  
  125  10:21  Probe  
  126  10:24  Observer (Chrono Boost), Probe  
  126  10:27  Zealot, Stalker  
  126  10:28  Zealot x5  
  142  10:31  Assimilator, Pylon  
  142  10:35  Sentry  
  144  10:52  Nexus  
  144  10:55  Stalker x2  
  144  10:56  Stalker x5  
  155  11:09  Warp Prism (Chrono Boost)  
  155  11:11  Nexus  
  155  11:13  Gravitic Drive, Pylon  
  155  11:16  Observer  
  154  11:26  Nexus  
  154  11:28  Pylon  
  152  11:33  Stalker x8  
  172  11:46  Disruptor (Chrono Boost)  
  176  11:49  Probe  
  176  11:50  Probe x2  
  176  11:51  Pylon  
  176  11:52  Gateway  
  176  11:53  Pylon  
  175  11:55  Gateway, Probe  
  175  11:58  Assimilator, Protoss Ground Armor Level 3 (Chrono Boost)  
  176  12:02  Shield Battery  
  176  12:05  Photon Cannon  
  174  12:09  Zealot x4  
  182  12:18  Disruptor (Chrono Boost)  
  188  12:24  Protoss Ground Weapons Level 3 (Chrono Boost)  
  188  12:26  Disruptor (Chrono Boost)  
  186  12:36  Zealot x4  
  188  12:40  Photon Cannon  
  188  12:42  Photon Cannon  
  188  12:43  Assimilator  
  188  12:46  Disruptor (Chrono Boost)  
  188  12:50  Photon Cannon  
  190  12:52  Photon Cannon  
  190  12:53  Photon Cannon  
  190  12:55  Disruptor (Chrono Boost), Pylon  
  184  13:16  Disruptor (Chrono Boost)  
  184  13:18  Zealot x7, Stalker  
  162  13:23  Stalker x2  
  156  13:27  Disruptor (Chrono Boost)  
  156  13:30  Probe  
  157  13:40  Zealot x4  
  157  13:41  Zealot x4  
  165  13:53  Disruptor x2 (Chrono Boost), Pylon  
  169  14:00  Pylon  
  167  14:04  Pylon  
  167  14:06  Zealot x2, Photon Cannon  
  167  14:07  Photon Cannon, Stalker x3  
  167  14:09  Zealot x2, Photon Cannon  
  181  14:10  Zealot x2, Shield Battery  
  175  14:19  Disruptor (Chrono Boost)  
  175  14:22  Photon Cannon  
  175  14:23  Pylon  
  177  14:25  Colossus (Chrono Boost)  
  177  14:30  Sentry, Stalker x5  
  185  14:32  Stalker  
  173  14:38  Fleet Beacon  
  173  14:40  Stalker x2  
  173  14:44  Stalker  
  177  14:47  Warp Prism (Chrono Boost)  
  159  14:55  Stalker x5  
  165  15:03  Stalker x2  
  165  15:05  Probe x3  
  172  15:10  Stalker x3  
  178  15:20  Zealot x5  
  189  15:21  Observer (Chrono Boost)  
  173  15:33  Stalker x4  
  169  15:35  Disruptor  
  173  15:43  Stalker x3  
  175  15:50  Disruptor  
  177  16:11  Disruptor  
  177  16:14  Observer  
  180  16:20  Observer  
  178  16:36  Stalker x10  
  194  16:43  Observer  
  189  17:01  Stalker x2  
  193  17:05  Pylon  
  193  17:07  Nexus  
  199  17:18  Mothership (Chrono Boost)  
  199  17:19  Photon Cannon  
  199  17:21  Pylon  
  199  17:22  Pylon  
  198  17:24  Photon Cannon  
  193  17:31  Disruptor  
  193  17:32  Disruptor  
  194  17:43  Zealot x3, Stalker x2  
  196  17:53  Gravitic Boosters  
  195  18:06  Stalker x2  
  195  18:08  Observer  
  142  18:29  Zealot x10  
  142  18:32  Disruptor x2 (Chrono Boost)  
  142  18:52  Stalker  
  142  18:53  Stalker x8  
  160  18:59  Stalker  
  162  19:04  Disruptor x2 (Chrono Boost)  
  170  19:13  Pylon  
  170  19:15  Nexus  
  168  19:17  Stalker x9  
  183  19:32  Void Ray (Chrono Boost)  
  183  19:41  Observer  
  171  19:57  Photon Cannon  
  171  20:05  Photon Cannon  
  171  20:07  Shield Battery  
  161  20:22  Disruptor  
  161  20:23  Disruptor  
  168  20:29  Sentry, Stalker x3  
  156  20:56  Sentry, Stalker x3  
  164  20:58  Disruptor  
  147  21:16  Observer  
  136  21:20  Stalker x4  
  136  21:21  Zealot x4, Stalker  
  138  21:35  Observer, Zealot  
  141  22:03  Stalker x5  
  136  22:39  Nexus  
  134  22:48  Stalker x6  
  118  23:31  Disruptor (Chrono Boost)  
  94  23:42  Zealot x4, Stalker  
  88  23:50  Disruptor (Chrono Boost)  
  92  24:05  Observer (Chrono Boost)  
  93  24:13  Sentry  
Show
View Real Time Build Order
Export as new Build Order

Kelazhur Terran - Winner!

Build Orders: Cyclone Opening, Reaper Expand 

Get SALT Encoding   

  12  0:00  SCV  
  13  0:12  SCV  
  14  0:17  Supply Depot  
  14  0:24  SCV  
  15  0:38  SCV  
  15  0:40  Barracks  
  16  0:43  Refinery  
  16  0:50  SCV  
  17  1:03  SCV  
  18  1:15  SCV  
  19  1:27  Orbital Command, Reaper  
  20  1:37  Command Center  
  20  1:45  Supply Depot  
  20  1:53  SCV  
  21  1:59  Marine  
  22  2:04  Factory  
  22  2:06  SCV  
  23  2:11  Bunker  
  23  2:17  Marine  
  23  2:18  SCV  
  25  2:32  SCV  
  25  2:33  Refinery  
  25  2:36  Barracks Reactor  
  25  2:44  SCV  
  26  2:48  Cyclone  
  26  2:50  Orbital Command  
  28  2:56  SCV  
  29  3:08  SCV  
  29  3:11  Starport  
  30  3:16  SCV  
  30  3:18  Marine x2  
  33  3:20  SCV  
  33  3:22  Factory Tech Lab  
  34  3:28  SCV  
  34  3:32  SCV  
  36  3:36  Marine x2  
  36  3:40  SCV  
  39  3:42  Command Center  
  39  3:44  SCV  
  39  3:50  Supply Depot  
  39  3:52  SCV  
  40  3:56  SCV  
  40  3:58  Raven  
  40  4:01  Interference Matrix, Marine x2  
  45  4:04  SCV  
  45  4:05  Barracks  
  46  4:11  SCV  
  46  4:12  Supply Depot  
  46  4:17  Barracks  
  47  4:18  SCV  
  47  4:21  Marine, Refinery  
  47  4:23  Marine  
  50  4:26  SCV  
  50  4:30  SCV  
  52  4:33  Raven  
  52  4:34  Factory Tech Lab  
  52  4:36  Supply Depot  
  54  4:39  SCV, Marine  
  54  4:43  SCV  
  57  4:47  Marine  
  57  4:51  SCV  
  59  4:59  Orbital Command, Engineering Bay, SCV, Refinery  
  60  5:00  Marine  
  60  5:02  Stimpack  
  60  5:03  SCV  
  62  5:12  Marine x2, SCV  
  65  5:15  SCV  
  65  5:16  Combat Shield  
  65  5:17  Marauder  
  65  5:20  Medivac, Marauder  
  72  5:22  Factory Reactor  
  72  5:24  SCV  
  72  5:27  Supply Depot  
  72  5:28  SCV  
  74  5:29  Orbital Command  
  74  5:33  Marine x2  
  76  5:37  SCV  
  76  5:38  Marauder  
  76  5:40  SCV  
  76  5:41  Terran Infantry Weapons Level 1, Marauder  
  82  5:44  Missile Turret  
  82  5:50  SCV  
  83  5:58  Barracks x2  
  83  5:59  Marauder, SCV, Marine x2  
  83  6:00  SCV  
  89  6:06  Factory Reactor  
  89  6:07  SCV  
  90  6:11  SCV  
  90  6:14  Marauder  
  93  6:20  Marine  
  93  6:25  Supply Depot  
  93  6:30  Bunker  
  93  6:36  Supply Depot  
  93  6:37  Supply Depot  
  93  6:43  Concussive Shells  
  93  6:45  Missile Turret  
  93  6:46  Marauder, Widow Mine x2, SCV x2  
  101  6:48  Marine  
  101  6:52  Barracks Reactor, Barracks Tech Lab  
  101  6:57  SCV, Medivac x2  
  101  6:58  SCV x2, Marauder, Refinery  
  101  7:00  Armory, Ghost Academy  
  110  7:09  SCV, Marine x2  
  110  7:10  SCV x2, Marauder  
  110  7:15  Supply Depot  
  117  7:19  Supply Depot  
  117  7:21  Supply Depot  
  117  7:27  Supply Depot  
  117  7:35  Terran Infantry Armor Level 1  
  117  7:37  Marauder, Widow Mine, Medivac x2  
  125  7:41  Widow Mine, Marauder x2, SCV  
  125  7:43  Marine, Supply Depot  
  125  7:44  Marine x3  
  136  7:55  SCV x2  
  136  7:57  Supply Depot  
  140  7:58  Marauder  
  140  8:01  Marine x2  
  140  8:02  Widow Mine  
  140  8:03  Marauder, Widow Mine  
  148  8:08  Ghost  
  150  8:16  Marine x2  
  150  8:19  Ghost  
  154  8:20  Command Center  
  154  8:23  Ghost  
  156  8:27  Supply Depot  
  156  8:31  Marine x2  
  156  8:32  Engineering Bay  
  155  8:41  Ghost  
  155  8:42  Marine x2  
  152  8:48  Marauder  
  152  8:49  Marine x2  
  152  8:52  Marauder  
  147  9:00  Marine x2  
  147  9:01  SCV x3  
  123  9:10  Marauder  
  123  9:11  Marauder  
  123  9:15  Marauder  
  115  9:18  Marine  
  113  9:24  SCV  
  113  9:25  SCV  
  113  9:29  Terran Infantry Weapons Level 2  
  113  9:34  Marine  
  113  9:35  Marauder  
  113  9:38  Viking  
  118  9:43  Viking  
  114  9:53  Marauder  
  114  9:59  Marine, Marauder x2  
  112  10:05  Marine x2  
  107  10:07  Marine  
  107  10:08  SCV x2  
  107  10:12  Planetary Fortress  
  109  10:14  SCV  
  109  10:15  Marauder  
  109  10:17  Terran Infantry Armor Level 2, Marine  
  109  10:20  Marauder x2, SCV x2  
  119  10:26  SCV  
  119  10:27  Marine x2  
  119  10:28  Marine  
  123  10:31  Medivac x2  
  123  10:34  Marine, SCV x2  
  130  10:36  Marauder  
  130  10:38  SCV  
  130  10:41  Ghost  
  135  10:43  Ghost  
  135  10:45  Marine x2  
  135  10:46  SCV x2  
  141  10:50  SCV  
  142  10:57  Marauder  
  142  10:58  Marine x2  
  146  11:09  Medivac  
  146  11:10  Marauder  
  150  11:13  Widow Mine x2, Marauder  
  150  11:16  Marine x2  
  150  11:17  Marine  
  150  11:18  SCV x3  
  162  11:19  SCV  
  153  11:27  Viking  
  153  11:30  SCV x3  
  153  11:31  SCV  
  159  11:39  Viking  
  161  11:40  Marauder x3, Marine x4  
  161  11:42  SCV x3  
  161  11:44  SCV  
  161  11:45  Barracks, Supply Depot  
  161  11:46  Barracks x2  
  175  11:48  Refinery  
  175  11:49  Widow Mine x2  
  179  11:54  SCV x2  
  179  11:57  Viking  
  183  12:09  Viking, Ghost  
  183  12:10  Marine x3  
  183  12:11  Marauder, Marine  
  183  12:12  Marauder  
  193  12:27  SCV x3  
  193  12:28  Marine x3  
  195  12:33  Marauder x2  
  196  12:38  Supply Depot  
  196  12:39  Barracks Tech Lab x3  
  196  12:44  Terran Infantry Weapons Level 3  
  196  12:46  Command Center  
  196  12:56  Refinery  
  196  12:58  Command Center, Refinery  
  196  12:59  Marine x2  
  196  13:00  Marauder, Marine  
  196  13:11  Marine  
  196  13:12  Marauder x3, Marine x2  
  185  13:13  Viking x2  
  177  13:21  Marauder  
  177  13:23  Marine  
  177  13:25  Widow Mine x2  
  177  13:30  Marauder x2  
  177  13:33  Marauder x3  
  179  13:41  SCV x3  
  179  13:42  SCV  
  179  13:43  Liberator, Marauder  
  186  13:51  Marauder x2  
  186  13:54  Marauder  
  186  13:55  Marauder x2  
  192  13:57  Widow Mine  
  192  13:58  Marine x2  
  196  14:03  Ghost  
  196  14:07  Viking  
  200  14:14  Planetary Fortress  
  199  14:20  Terran Infantry Armor Level 3  
  199  14:31  Missile Turret  
  199  14:32  Orbital Command  
  194  14:42  Marauder x3  
  184  14:59  Ghost x2  
  175  15:00  Marine x2  
  175  15:02  Viking x2  
  175  15:03  Marine x3  
  186  15:09  Missile Turret  
  186  15:11  Command Center, Refinery  
  186  15:13  Ghost, Refinery  
  186  15:14  Command Center  
  158  15:29  Marauder x4  
  158  15:30  Marauder  
  158  15:32  Marine x2  
  164  15:36  Viking x2  
  164  15:42  Fusion Core  
  168  15:43  Marauder  
  168  15:45  Marine  
  171  15:50  Marauder x2  
  171  15:51  Marauder x2  
  171  15:52  Factory Reactor, Marauder  
  181  16:04  Marauder, Starport  
  181  16:06  Medivac x2  
  181  16:11  Ghost  
  187  16:14  Ghost x2  
  187  16:16  Command Center  
  187  16:18  Ghost  
  193  16:24  Ghost  
  196  16:27  SCV x2  
  196  16:29  SCV x3  
  196  16:30  Orbital Command  
  199  16:36  Advanced Ballistics  
  182  16:44  Widow Mine x2  
  182  16:45  Medivac x2  
  182  16:46  Marauder x2  
  194  16:57  Marauder  
  194  16:58  Marauder x2  
  200  17:08  Marauder  
  200  17:30  Marauder x2  
  200  17:43  Marine, Marauder x3  
  200  17:44  Marauder, Marine x3  
  183  17:47  Liberator x2  
  183  17:48  Liberator x2  
  200  17:51  Marauder  
  200  17:57  Planetary Fortress  
  197  18:01  Marine x3  
  195  18:13  Marauder  
  195  18:14  Marauder  
  195  18:18  Marauder x2  
  161  18:21  Widow Mine x2  
  161  18:23  Marauder x2  
  156  18:29  Liberator  
  156  18:30  Liberator, Marine x2  
  150  18:35  Marauder x2  
  145  18:43  Widow Mine x2  
  145  18:46  Liberator x2  
  149  18:49  Planetary Fortress  
  149  19:04  Widow Mine  
  149  19:05  Widow Mine  
  153  19:10  Marauder x2  
  157  19:18  Marauder x3  
  157  19:19  Marauder  
  165  19:28  Liberator x2  
  165  19:29  Liberator  
  174  19:31  Marauder  
  174  19:37  Marauder  
  178  19:39  Marauder x2  
  178  19:44  Marauder x2  
  173  19:50  Marine x3  
  173  19:51  Liberator, Marine  
  177  19:53  Marauder, Widow Mine x2  
  177  19:56  Missile Turret  
  177  19:57  SCV x5  
  177  19:59  Marauder  
  186  20:01  Marauder x2  
  186  20:05  Marine  
  186  20:06  Marauder  
  193  20:08  Marine  
  193  20:09  SCV  
  193  20:11  Liberator  
  192  20:14  Marauder  
  192  20:20  Liberator x2, Marauder  
  196  20:22  Marauder, Widow Mine  
  200  20:29  Terran Ship Weapons Level 1  
  197  20:42  Widow Mine  
  191  20:43  Widow Mine  
  178  20:55  SCV x3  
  178  20:56  SCV x2  
  186  21:02  Marauder, Marine  
  186  21:03  Marauder  
  196  21:04  Widow Mine x2  
  196  21:06  Marauder  
  196  21:07  Marauder x2  
  179  21:12  Marauder  
  179  21:17  Marine  
  170  21:24  Marauder x2  
  176  21:25  Widow Mine  
  176  21:27  Marauder  
  176  21:29  Marauder x2  
  179  21:34  Marauder  
  179  21:43  Widow Mine  
  179  21:45  Marauder x2  
  187  21:47  Widow Mine  
  187  21:48  Marauder  
  187  21:50  Marauder x2  
  187  21:52  Marine  
  188  21:55  Marauder  
  188  21:57  Liberator, Command Center  
  188  22:00  Liberator  
  190  22:07  Marauder x2  
  192  22:13  Liberator  
  192  22:17  Ghost x2  
  186  22:23  Ghost x2  
  186  22:26  Marine  
  183  22:43  Ghost  
  183  22:48  Marine x7  
  190  22:51  Refinery  
  190  22:52  Command Center, Marine x2, Refinery  
  186  23:06  Marine x2  
  186  23:07  Marauder x2  
  182  23:15  Marauder x2  
  182  23:16  Marauder  
  182  23:18  Marauder  
  153  23:29  Marauder x2  
  153  23:32  Marine x4  
  147  23:37  Marauder x3  
  147  23:40  Marauder  
  147  23:41  Widow Mine x2  
  130  23:50  Marauder x2, Marine x4  
  133  23:58  Marauder x2, Marine  
  133  24:01  Marine  
  139  24:05  Refinery x2  
  139  24:08  Marine x4  

Tags
 
Add a new tag
Caveats
  • Supply blocks, unpowered buildings, or Contaminate may cause inaccurate times.
  • Supply counts are checked every 10 seconds.